 Dungeon Crawl Stone Soup version 0.18-a0-455-gc7d4c65 (webtiles) character file.

61331 4thArraOfDagon the Severer (level 15, -25/132 HPs)
             Began as a Hill Orc Fighter on Dec 1, 2015.
             Was an Elder of Ashenzari.
             Annihilated by a merfolk
             ... wielding a +0 trident
              (58 damage)
             ... on level 2 of the Shoals.
             The game lasted 01:02:38 (9595 turns).

4thArraOfDagon the Severer (Hill Orc Fighter)       Turns: 9595, Time: 01:02:38

Health: -25/132    AC: 16    Str: 21    XL:     15   Next: 2%
Magic:  20/20      EV: 12    Int: 21    God:    Ashenzari [****..]
Gold:   612        SH:  5    Dex: 16    Spells: 2 memorised, 7 levels left

rFire  + . .     SeeInvis +     B - +5 war axe
rCold  + . .     Clarity  +     s - +1 leather armour "Ahakh" {Int+4 Dex+6 SInv} (curse)
rNeg   . . .     SustAt   .     J - +0 buckler {AC+3}
rPois  .         Gourm    .     i - +0 helmet
rElec  .         Spirit   .     t - +2 cloak (curse)
rCorr  .         Dsmss    .     V - +0 pair of gloves
rMut   .         Stasis   .     O - +0 pair of boots
MR     +....                    k - amulet of rage (curse)
Stlth  +.........               D - +4 ring of intelligence (curse)
                                g - ring of protection from fire

@: exhausted, slowed, very slow, somewhat resistant to hostile enchantments,
very unstealthy
A: cold resistance 1, low mp 1, regeneration 1, wild magic 1
a: Scrying, Renounce Religion, Evoke Berserk Rage


You were on level 2 of the Shoals.
You worshipped Ashenzari.
Ashenzari was greatly pleased with you.
You were not hungry.

You visited 4 branches of the dungeon, and saw 30 of its levels.
You also visited: Labyrinth.

You collected 1848 gold pieces.
You spent 1236 gold pieces at shops.

Inventory:

Hand Weapons
 p - a +0 battleaxe of venom
 q - a +0 blowgun
 B - a +5 war axe (weapon)
 I - a +1 war axe of flaming
Missiles
 N - a throwing net (quivered)
Armour
 i - a +0 helmet (worn)
 m - the +2 scale mail of Midsummer {rN+ rCorr Dex+3 Stlth-}
   (You found it in a labyrinth)

   It affects your dexterity (+3).
   It protects you from negative energy.
   It protects you from acid and corrosion.
   It makes you less stealthy.
 s - the cursed +1 leather armour "Ahakh" (worn) {Int+4 Dex+6 SInv}
   (You found it on level 8 of the Lair of Beasts)

   It affects your intelligence (+4).
   It affects your dexterity (+6).
   It lets you see invisible.
   It has a curse placed upon it.
 t - a cursed +2 cloak (worn)
 x - a +1 chain mail of poison resistance
 J - a +0 buckler of protection (worn)
 O - a +0 pair of boots (worn)
 V - a +0 pair of gloves (worn)
 Z - the +9 plate armour of the Nightingale {rC+ Int+2}
   (You found it in a labyrinth)

   It affects your intelligence (+2).
   It protects you from cold.
Jewellery
 g - a ring of protection from fire (left hand)
 k - a cursed amulet of rage (around neck)
 u - an uncursed ring of protection from fire
 D - a cursed +4 ring of intelligence (right hand)
 P - an uncursed amulet of regeneration
 U - the ring "Lusuxt" {rF++ MR+ Str-4}
   (You found it in a labyrinth)

   [ring of protection from magic]

   It affects your strength (-4).
   It greatly protects you from fire.
   It affects your resistance to hostile enchantments.
Wands
 b - a wand of invisibility (5)
 l - a wand of teleportation (3)
 r - a wand of slowing (16)
 z - a wand of fire (4)
 C - a wand of polymorph (0)
 L - a wand of enslavement (13)
 S - a wand of lightning (6)
Scrolls
 n - 5 scrolls of remove curse
 w - 3 scrolls of curse armour
 E - 2 scrolls of fog
 F - 4 scrolls of enchant weapon
 G - a scroll of fear
 H - a scroll of enchant armour
 Q - a scroll of magic mapping
 R - 2 scrolls of teleportation
 T - a scroll of silence
Potions
 a - a potion of cancellation {unknown}
 d - 8 potions of might
 f - 4 potions of brilliance
 j - 2 potions of ambrosia
 o - 5 potions of curing
 v - 4 potions of heal wounds
 K - 2 potions of magic
 M - a potion of agility
Miscellaneous
 c - a box of beasts {used: 2}
 y - a plain deck of wonders {drawn: 1}
Comestibles
 e - 7 bread rations
 h - 6 meat rations
 W - a royal jelly
 X - 2 beef jerkies


   Skills:
 - Level 12.1 Fighting
 - Level 18.1 Axes
 - Level 10.2 Armour
 + Level 2.3 Dodging
 - Level 3.4 Shields
 + Level 4.2 Spellcasting
 * Level 6.4(8.8) Transmutations
 * Level 8.0(10.3) Earth Magic
 - Level 11.0(13.0) Evocations


You had 7 spell levels left.
You knew the following spells:

 Your Spells              Type           Power        Failure   Level  Hunger
a - Statue Form           Trmt/Erth      ######...    58%         6    #######
b - Shatter               Erth           ######....   100%        9    #######


Dungeon Overview and Level Annotations

Branches:
Dungeon (15/15)              Lair (8/8) D:11         Shoals (3/4) Lair:4
  Snake (0/4) Lair:5          Orc (4/4) D:11            Elf (0/3) Orc:4
 Temple: D:4-7        Slime: Lair:6-8    Vaults: D:13-14     Depths: D:15

Altars:
Ashenzari
The Shining One

Shops:
Orc:4 :(?[

Annotations:
D:8 Psyche
D:10 LAIR????
D:11 Fannar
Lair:4 SWAMP


Innate Abilities, Weirdness & Mutations

Your flesh is cold resistant.
Your magical capacity is low (-10% MP).
Your natural rate of healing is unusually fast.
Your spells are a little harder to cast, but a little more powerful.


Message History

Your mature batshock beast closely misses the merfolk avatar.
Unknown command.
The satyr plays a rousing melody on his pipes!
The merfolk is stirred to greatness!
The merfolk hits you with a trident!
The stone hits your mature batshock beast!
You hear a splash.
Your mature batshock beast bursts into living lightning!
The living lightning hits the merfolk avatar.
Your mature batshock beast blinks!
The satyr shoots a sling bullet.
The sling bullet hits you! The merfolk hits you with a trident!!
* * * LOW HITPOINT WARNING * * *
Things that are here:
a sling bullet; 15 gold pieces You closely miss the merfolk.
The merfolk is moderately wounded.
The satyr plays a lulling melody on his pipes!
You fall asleep.
The merfolk hits you with a trident!!!
You wake up.
You die...

≈≈ ≈≈≈≈≈≈≈≈≈≈≈≈≈≈≈≈≈≈≈≈≈
≈≈ ≈≈≈≈≈≈≈≈≈≈≈≈≈≈≈≈≈≈≈≈≈
≈≈ ≈≈
≈≈≈≈≈≈≈≈≈≈≈≈≈≈≈≈≈≈≈≈≈ ≈
≈≈ ≈
≈≈≈≈≈≈≈≈≈≈≈≈≈≈≈≈≈≈≈≈≈≈ ≈
≈ ≈
≈≈≈≈≈≈≈≈≈≈≈≈≈≈<.≈≈..≈≈ ≈
≈≈≈
≈≈≈≈≈≈≈(≈≈≈≈H≈......≈ ≈
≈
≈≈≈≈≈≈≈≈≈.>.≈≈≈≈##.≈≈.≈≈
≈ ≈
≈..≈.≈≈..##mH≈...#.≈≈≈ ≈
≈≈≈≈
≈.......####@.(.m(.≈≈≈≈
≈ .<....#* ###)...≈≈≈≈ ≈
≈ ,.##### ##..c≈≈≈ ≈≈≈ ,
, * *..≈≈§≈ ≈ ≈ ≈ ,,, *
..≈≈( ≈ , ** ** * .≈≈≈≈
≈≈≈≈ ,,, , , * *,.≈≈≈≈ ≈
≈ ≈ , ,, ,,, **, ..≈≈ ,
,, , , , * ,,,,≈ ≈ ≈≈


You could see a merfolk avatar, a satyr, a merfolk (roused) and 2 friendly
mutant beasts.

Vanquished Creatures
  Gastronok (Lair:3)
  Maud (Lair:5)
  Snorg (D:12)
  A minotaur (Lab)
  2 catoblepae
  3 hydras
  A tengu warrior (D:12)
  A centaur warrior (D:13)
  6 death yaks
  Urug (D:12)
  A deep troll shaman (Lair:8)
  4 orc high priests (Orc:4)
  A deep troll (shapeshifter) (D:11)
  A sea snake (Shoals:1)
  4 hill giants
  2 ugly things (D:13)
  An orc sorcerer (Orc:4)
  A griffon (Shoals:1)
  3 cyclopes
  2 fauns (Shoals:1)
  20 elephants
  2 manticores (Shoals:1)
  7 black mambas
  Joseph (D:8)
  A torpor snail (Lair:5)
  2 sirens (Shoals:1)
  7 spiny frogs
  A gargoyle (D:11)
  A fire drake (Lair:6)
  6 komodo dragons
  3 trolls
  3 merfolk
  3 polar bears
  3 blink frogs (Lair:7)
  2 minotaur skeletons (Lab)
  2 shadows (Lab)
  A trapdoor spider (D:13)
  3 deep elf magi (D:11)
  16 yaks
  A wraith (D:13)
  3 water elementals (Shoals:3)
  4 wyverns
  2 basilisks
  10 wolves (Lair:8)
  A hog (D:13)
  2 soldier ants
  4 hippogriffs
  2 wargs (Orc:4)
  8 hungry ghosts
  13 water moccasins
  3 sky beasts
  9 porcupines
  2 ice beasts
  16 orc warriors
  2 necrophages
  3 phantoms
  5 centaurs
  A wasp (D:13)
  10 crocodiles
  4 ogres
  2 big kobolds
  16 giant frogs
  A scorpion (D:12)
  A water moccasin skeleton (D:9)
  9 wights
  6 killer bees (D:10)
  4 hounds
  3 crimson imps
  A quasit (D:10)
  2 centaur zombies
  5 electric eels
  A giant frog zombie (D:11)
  6 iguanas
  32 orc wizards
  4 centaur skeletons
  35 orc priests
  A giant frog skeleton (D:12)
  Natasha (D:4)
  6 sheep
  11 worker ants
  A hound skeleton (D:10)
  Robin (D:3)
  40 river rats
  5 adders
  3 shadow imps
  An ooze (D:3)
  2 worms
  3 giant geckos (D:2)
  131 orcs
  5 ball pythons
  3 bats
  4 giant cockroaches
  16 goblins
  2 hobgoblins (D:3)
  9 jackals
  6 kobolds
  2 quokkas
  A giant newt (D:6)
  4 rats
  5 fungi
  A plant (Lair:8)
619 creatures vanquished.

Vanquished Creatures (collateral kills)
  A faun (Shoals:2)
1 creature vanquished.

Vanquished Creatures (others)
  5 fungi (Lair:8)
  4 plants (Lair:8)
9 creatures vanquished.

Grand Total: 629 creatures vanquished

Notes
Turn   | Place    | Note
--------------------------------------------------------------
     0 | D:1      | 4thArraOfDagon the Hill Orc Fighter began the quest for the Orb.
     0 | D:1      | Reached XP level 1. HP: 19/19 MP: 1/1
    10 | D:2      | Reached XP level 2. HP: 16/27 MP: 2/2
    93 | D:2      | Reached skill level 4 in Fighting
   171 | D:2      | Reached XP level 3. HP: 15/33 MP: 3/3
   192 | D:2      | Found a shattered altar of Ashenzari.
   194 | D:2      | hmmmmmmmm
   197 | D:2      | Became a worshipper of Ashenzari the Shackled
   236 | D:2      | Reached skill level 1 in Evocations
   440 | D:3      | ROTFL
   456 | D:3      | Noticed Robin
   472 | D:3      | Reached XP level 4. HP: 37/40 MP: 4/4
   479 | D:3      | Killed Robin
   595 | D:4      | Noticed Natasha
   609 | D:4      | Killed Natasha
   609 | D:4      | Reached XP level 5. HP: 30/47 MP: 6/6
   761 | D:4      | You fall through a shaft for 3 floors!
   786 | D:7      | Noticed a sky beast
   818 | D:7      | Killed a sky beast
   818 | D:7      | Reached skill level 5 in Axes
   818 | D:7      | Reached XP level 6. HP: 55/55 MP: 6/8
   920 | D:7      | Reached * piety under Ashenzari
   952 | D:8      | Reached skill level 5 in Fighting
   952 | D:8      | Reached XP level 7. HP: 47/61 MP: 9/9
  1034 | D:8      | Reached skill level 6 in Axes
  1074 | D:8      | Reached skill level 5 in Armour
  1142 | D:8      | Noticed Joseph
  1156 | D:8      | Killed Joseph
  1156 | D:8      | Reached skill level 7 in Axes
  1156 | D:8      | Reached skill level 5 in Evocations
  1156 | D:8      | Reached XP level 8. HP: 44/70 MP: 11/11
  1368 | D:9      | Reached skill level 8 in Axes
  1501 | D:7      | Reached XP level 9. HP: 74/78 MP: 13/13
  1544 | D:6      | Reached skill level 9 in Axes
  1647 | D:8      | Noticed Psyche
  1702 | D:5      | Entered Level 5 of the Dungeon
  1951 | D:10     | Entered Level 10 of the Dungeon
  2079 | D:10     | Reached skill level 10 in Axes
  2131 | D:11     | Noticed a gargoyle
  2329 | D:11     | Killed a gargoyle
  2329 | D:11     | Reached XP level 10. HP: 88/88 MP: 15/15
  2345 | D:11     | Noticed a cyclops
  2372 | D:11     | Killed a cyclops
  2372 | D:11     | Reached skill level 11 in Axes
  2486 | D:11     | Noticed an eight-headed hydra
  2489 | D:11     | Noticed a catoblepas
  2489 | D:11     | an eight-headed hydra changed into a catoblepas
  2509 | D:11     | Noticed Fannar
  2607 | D:12     | Noticed Urug
  2637 | D:12     | Killed Urug
  2727 | D:12     | no regen for you
  2850 | D:11     | Found a staircase to the Lair.
  2852 | D:11     | Noticed a hill giant
  2867 | D:11     | Killed a hill giant
  2867 | D:11     | Reached skill level 12 in Axes
  2904 | D:11     | Found a staircase to the Orcish Mines.
  2917 | D:11     | Noticed a sea snake
  2917 | D:11     | a redback changed into a sea snake
  2941 | D:12     | Noticed a tengu warrior
  2964 | D:12     | Killed a tengu warrior
  2964 | D:12     | Reached XP level 11. HP: 92/95 MP: 17/17
  3139 | D:12     | Gained mutation: Your natural rate of healing is unusually fast. [mutagenic meat]
  3265 | D:12     | Noticed Snorg
  3266 | D:12     | Noticed a hill giant
  3282 | D:12     | Killed Snorg
  3282 | D:12     | Reached skill level 13 in Axes
  3282 | D:12     | Killed a hill giant
  3282 | D:12     | Reached skill level 10 in Evocations
  3291 | D:12     | no regen for you
  3377 | D:13     | Noticed a centaur warrior
  3383 | D:13     | Killed a centaur warrior
  3594 | D:13     | Reached ** piety under Ashenzari
  3595 | D:13     | Noticed a hill giant
  3604 | D:13     | Killed a hill giant
  3608 | D:13     | no regen for you #3
  3676 | D:15     | Entered Level 15 of the Dungeon
  3706 | D:15     | Reached skill level 14 in Axes
  3721 | D:15     | Reached skill level 10 in Fighting
  3721 | D:15     | Reached XP level 12. HP: 94/106 MP: 20/20
  3736 | D:15     | Found a glowing golden altar of the Shining One.
  4019 | Orc:1    | Entered Level 1 of the Orcish Mines
  4134 | Orc:1    | You fall through a shaft!
  4389 | Orc:4    | Entered Level 4 of the Orcish Mines
  4390 | Orc:4    | not a single portal
  4655 | Orc:3    | hmm
  4843 | Orc:4    | Found a staircase to the Elven Halls.
  4954 | Orc:4    | Noticed an orc high priest
  4972 | Orc:4    | Killed an orc high priest
  4972 | Orc:4    | Reached skill level 15 in Axes
  5020 | Orc:4    | Noticed an orc high priest
  5045 | Orc:4    | Noticed an orc high priest
  5047 | Orc:4    | Killed an orc high priest
  5063 | Orc:4    | Killed an orc high priest
  5132 | Orc:4    | Reached skill level 10 in Armour
  5142 | Orc:4    | Noticed an orc high priest
  5160 | Orc:4    | Killed an orc high priest
  5376 | Orc:4    | Found Miakh's Armour Boutique.
  5376 | Orc:4    | Found Opuirr's Weapon Shop.
  5377 | Orc:4    | Found Dishraste's Book Shop.
  5382 | Orc:4    | Found Edodoc's Magic Scroll Boutique.
  5385 | Orc:4    | save me
  5405 | Orc:4    | :(
  5406 | Orc:4    | Bought a scroll of magic mapping for 49 gold pieces
  5406 | Orc:4    | Bought a scroll of teleportation for 42 gold pieces
  5406 | Orc:4    | Bought a scroll of enchant weapon for 105 gold pieces
  5409 | Orc:4    | Bought a book of the Earth for 1040 gold pieces
  5416 | Orc:4    | Learned a level 6 spell: Statue Form
  5648 | D:11     | Killed a catoblepas
  5648 | D:11     | Reached skill level 1 in Earth Magic
  5651 | D:11     | Reached skill level 1 in Transmutations
  5679 | Lair:1   | Entered Level 1 of the Lair of Beasts
  5722 | Lair:1   | Noticed a six-headed hydra
  5732 | Lair:1   | Killed a one-headed hydra
  5732 | Lair:1   | Reached skill level 16 in Axes
  5732 | Lair:1   | Reached skill level 1 in Spellcasting
  5732 | Lair:1   | Reached XP level 13. HP: 78/116 MP: 21/21
  5883 | Lair:1   | Reached *** piety under Ashenzari
  6074 | Lair:3   | Noticed Gastronok
  6099 | Lair:3   | Killed Gastronok
  6899 | Lair:6   | Reached skill level 5 in Earth Magic
  7089 | Lair:8   | Entered Level 8 of the Lair of Beasts
  7196 | Lair:8   | Reached skill level 17 in Axes
  7266 | Lair:8   | Reached XP level 14. HP: 41/126 MP: 22/22
  7282 | Lair:8   | Found a labyrinth entrance.
  7295 | Lab      | Entered a labyrinth
  7369 | Lab      | Reached **** piety under Ashenzari
  7943 | Lab      | Identified the ring "Lusuxt" {rF++ MR+ Str-4} (You found it in a labyrinth)
  7945 | Lab      | Got the cursed plate armour "Maerosoo" {-Cast MR+ Dex+4}
  7945 | Lab      | Got the uncursed plate armour of the Nightingale {rC+ Int+2}
  7947 | Lab      | Got the uncursed scale mail of Instinct {*Contam Str+3 Int+4}
  7949 | Lab      | Got the uncursed scale mail of Midsummer {rN+ rCorr Dex+3 Stlth-}
  7957 | Lab      | Identified the +2 scale mail of Midsummer {rN+ rCorr Dex+3 Stlth-} (You found it in a labyrinth)
  7968 | Lab      | Identified the +9 plate armour of the Nightingale {rC+ Int+2} (You found it in a labyrinth)
  8011 | Lair:8   | Reached skill level 5 in Transmutations
  8180 | Lair:8   | Learned a level 9 spell: Shatter
  8186 | Lair:8   | Got the cursed leather armour "Ahakh" {Int+4 Dex+6 SInv}
  8192 | Lair:8   | Gained mutation: Your spells are a little harder to cast, but a little more powerful. [potion of mutation]
  8192 | Lair:8   | Gained mutation: Your magical capacity is low (-10% MP). [potion of mutation]
  8192 | Lair:8   | Gained mutation: Your flesh is cold resistant. [potion of mutation]
  8198 | Lair:8   | Identified the cursed +1 leather armour "Ahakh" {Int+4 Dex+6 SInv} (You found it on level 8 of the Lair of Beasts)
  8760 | Lair:5   | Found a staircase to the Snake Pit.
  8892 | Lair:5   | Noticed Maud
  8920 | Lair:5   | Killed Maud
  8920 | Lair:5   | Reached skill level 1 in Dodging
  9183 | Lair:3   | Reached skill level 18 in Axes
  9262 | Lair:4   | Found a staircase to the Shoals.
  9276 | Shoals:1 | Entered Level 1 of the Shoals
  9489 | Shoals:1 | Reached XP level 15. HP: 120/132 MP: 20/20
  9595 | Shoals:2 | Annihilated by a merfolk

Vault maps used:
D:1:      dpeg_arrival_refuge, minivault_19, minmay_cut_off
D:2:      marbit_many_paths
D:3:      lemuel_coloured_pillars_altar, first_bread, ecumenical_altar_1,
          uniq_robin
D:4:      uniq_natasha
D:5:      wad_crossroads, overflow_temple_1_default, uniq_duvessa
D:6:      lemuel_slime, minivault_23
D:7:      minmay_temple_entry_fiery, grunt_livestock, okawaru_altar_gauntlet_db
D:8:      uniq_joseph, uniq_psyche
D:9:      erik_1
D:10:     minmay_opposing_rooms, hangedman_decor_push, roderic_serpentine_path
D:11:     orc_0_dummy, st_stairs_5, uniq_fannar
D:12:     minivault_29, uniq_snorg, uniq_urug
D:13:     st_stairs_14
D:14:     david_vaults_2, uniq_azrael
D:15:     gammafunk_enter_depths_forms, nicolae_tso_carved_into_rock,
          uniq_roxanne
Lair:1:   grunt_megastairs_2
Lair:2:   columned_hall_lemuel, serial_bayou_shore_b
Lair:3:   lemuel_fruit_fields, uniq_gastronok
Lair:4:   mu_elephants_graveyard, elwin_shoals_entry_rooms,
          minmay_stone_trees_small, st_stairs_12
Lair:5:   minmay_snake_entry_six_corridors, pf_torpor_hydra, uniq_maud
Lair:6:   slime_dummy, minmay_holes, disabler_island
Lair:8:   grunt_lair_end_beastmaster, lab_entry_generic,
          infiniplex_staircase_pool_2, serial_bayou_shore_b
Shoals:1: serial_shops, nicolae_shop_statue_plus
Shoals:2: serial_shops, shop, nicolae_shop_crystal, nicolae_shop_behind_doors,
          shop
Orc:1:    nicolae_orc_tapped_out
Orc:2:    nicolae_orc_flooded_monolith
Orc:3:    nicolae_orc_pool_cavern, mines3_lemuel
Orc:4:    st_orc_mages, nicolae_orc_sculptors_studio
Lab:      labyrinth_hidden_loot, labyrinth_skeletal_remains, nicolae_lab_x,
          lab_hedge, nicolae_lab_t_cross, nicolae_lab_starburst,
          nicolae_lab_checkerboard, nicolae_lab_grate,
          labyrinth_baited_teleportation_trap, nicolae_lab_stuck,
          nicolae_lab_lava, lab_fountain, nicolae_lab_swirl

Action                   |  1- 3 |  4- 6 |  7- 9 | 10-12 | 13-15 || total
-------------------------+-------+-------+-------+-------+-------++-------
Melee: War axe           |    75 |    90 |   251 |   627 |   864 ||  1907
Throw: Javelin           |       |       |       |     2 |       ||     2
 Abil: Evoke Berserk Rag |     2 |     2 |    10 |    26 |    20 ||    60
Evoke: Wand              |       |       |       |     5 |     4 ||     9
       Deck              |       |       |       |       |     1 ||     1
       Box of beasts     |       |       |       |       |     2 ||     2
  Use: Scroll            |     2 |     4 |     4 |     7 |    10 ||    27
       Potion            |       |     1 |     1 |     2 |     2 ||     6
 Stab: Paralysed         |       |       |       |     2 |       ||     2
  Eat: Chunk             |       |     2 |    13 |    29 |    28 ||    72
       Pizza             |       |     1 |       |       |     1 ||     2
       Fruit             |       |       |     4 |       |     7 ||    11
       Bread ration      |       |       |     1 |     1 |       ||     2
       Beef jerky        |       |       |       |       |     1 ||     1
